 Dungeon Crawl Stone Soup version 0.19-a0-1489-ga782747 (webtiles) character file.

26 Expote the Chiller (level 3, 0/25 HPs)
             Began as a Formicid Wanderer on Sept 8, 2016.
             Slain by an adder (5 damage)
             ... on level 2 of the Dungeon.
             The game lasted 00:07:14 (1598 turns).

Expote the Chiller (Formicid Wanderer)              Turns: 1598, Time: 00:07:15

Health: 0/25       AC:  2    Str: 16    XL:     3   Next: 22%
Magic:  7/7        EV:  9    Int: 13    God:
Gold:   8          SH:  7    Dex:  9    Spells: 2 memorised, 3 levels left

rFire  . . .     SeeInvis +     a - +0 whip
rCold  . . .     Gourm    .     d - +0 robe
rNeg   . . .     Faith    .     o - +0 shield
rPois  .         Spirit   .     (helmet unavailable)
rElec  .         Dismiss  .     (no cloak)
rCorr  .         Reflect  .     (no gloves)
MR     .....     Harm     .     (no boots)
Stlth  +.........               (no amulet)
                                (no ring)
                                (no ring)

@: lethally poisoned (0 -> -1)
A: permanent stasis, dig shafts and tunnels, four strong arms, antennae 3
a: Dig, Shaft Self


You were on level 2 of the Dungeon.
You were not hungry.

You visited 1 branch of the dungeon, and saw 2 of its levels.

You collected 8 gold pieces.

Inventory:

Hand Weapons
 a - a +0 whip (weapon)
 b - a +0 hunting sling of velocity
Missiles
 i - 18 stones (quivered)
Armour
 d - a +0 robe (worn)
 o - a +0 shield (worn)
Jewellery
 n - a cursed ring of ice {unknown}
Wands
 c - a wand of random effects (15/48)
Scrolls
 h - 2 scrolls of enchant weapon {unknown}
 k - 2 scrolls of noise {unknown}
 l - a scroll of identify {unknown}
Potions
 m - a potion of curing {unknown}
Books
 g - Sif Muna's Incunabulum of Heat

   Spells                             Type                      Level
   a - Flame Tongue                   Conjuration/Fire             1
   b - Inner Flame                    Hexes/Fire                   3
Comestibles
 f - a bread ration


   Skills:
 + Level 0.7 Fighting
 + Level 0.8 Dodging
 + Level 1.7 Shields
 + Level 2.8 Spellcasting
   Level 3.0 Necromancy
   Level 3.0 Ice Magic
 + Level 1.3 Evocations


You had 3 spell levels left.
You knew the following spells:

 Your Spells              Type           Power        Failure   Level  Hunger
a - Flame Tongue          Conj/Fire      #....        93%         1    #......
b - Inner Flame           Hex/Fire       #.......     100%        3    ###....


Dungeon Overview and Level Annotations

Branches:
Dungeon (2/15)

Altars:


Innate Abilities, Weirdness & Mutations

You are under a permanent stasis effect.
You can dig through walls and to a lower floor.
Your four strong arms can wield two-handed weapons with a shield.
You have a pair of large antennae on your head. (SInv)


Message History

You barely miss the adder.
The adder is severely wounded.
The adder completely misses you. The adder bites you but does no damage.
You closely miss the adder.
The adder is severely wounded.
The adder misses you.
You closely miss the adder.
The adder is severely wounded.
You feel sick. The adder barely misses you. The adder bites you.
* * * LOW HITPOINT WARNING * * *
Your shield prevents you from hitting the adder.
The adder is severely wounded.
The adder misses you. You block the adder's attack.
You miss the adder.
The adder is severely wounded.
The adder barely misses you.
You hit the adder but do no damage.
The adder is severely wounded.
You feel sick. You block the adder's attack. The adder bites you.
You die...

#.....(....#
#..........#
#..........
#.........
#........
#.......#
#.....S.#
#.....@.##########
#######.#........#
#.#.######.# #.#.#
#.# #.#.# #.#
#.#.######.#
#.#......#.#
######.######.#.#
#...........#.#.#


You could see an adder.

Vanquished Creatures
  A dart slug (D:1)
  A bat (D:1)
  2 giant cockroaches (D:1)
  4 goblins
  5 hobgoblins
  2 kobolds (D:1)
  2 giant newts
  5 rats (D:1)
22 creatures vanquished.

Notes
Turn   | Place    | Note
-------+----------+-------------------------------------------
     0 | D:1      | Expote the Formicid Wanderer began the quest for the Orb.
     0 | D:1      | Expote set off with: a +0 shield, Sif Muna's Incunabulum of Heat, a wand of random effects (15/48), a +0 robe, a +0 club, a bread ration
     0 | D:1      | Reached XP level 1. HP: 13/13 MP: 3/3
     0 | D:1      | Identified Sif Muna's Incunabulum of Heat
     2 | D:1      | Learned a level 1 spell: Flame Tongue
   483 | D:1      | Reached XP level 2. HP: 17/19 MP: 5/5
  1025 | D:1      | Reached XP level 3. HP: 24/25 MP: 7/7
  1030 | D:1      | Learned a level 3 spell: Inner Flame
  1598 | D:2      | Slain by an adder

Vault maps used:
D:1:      minmay_arrival_up_and_down
D:2:      nicolae_overflow_crystal_walls, ecumenical_altar_2, first_bread

Action                   || total
-------------------------++-------
Melee: Club              ||    79
       Whip              ||    44
 Fire: Hunting sling     ||     2
 Stab: Sleeping          ||     1
  Eat: Chunk             ||     2
Armor: Robe              ||    21
Dodge: Dodged            ||    46
Block: Shield            ||    44
